Login

Carolina Hurricanes vs Florida Panthers

Created - 04 April 2024 at 23:14

Goals
1 2 3 T
Carolina Hurricanes 2 1 0 3
Florida Panthers 0 0 2 2
Shots
1 2 3 T
Carolina Hurricanes 12 16 5 33
Florida Panthers 6 6 20 32

GoalsPenalties
1st period
1. Carolina Hurricanes , Alex Tuch 4 (Teuvo Teravainen 4) at 10:08 (PP)
2. Carolina Hurricanes , Jordan Staal 1 (Brett Pesce 4, Jordan Martinook 1) at 17:48
Niko Mikkola (FLA) for Hooking (Minor) at 10:07
Brandon Montour (FLA) for Cross-checking (Minor) at 15:05
2nd period
3. Carolina Hurricanes , Andrei Svechnikov 3 (Martin Necas 6) at 16:48 (PP)
Gustav Forsling (FLA) for High sticking (Double Minor) at 2:21
Matthew Tkachuk (FLA) for Tripping (Minor) at 8:21
Brandon Montour (FLA) for Slashing (Minor) at 12:00
Eetu Luostarinen (FLA) for Delaying the game (Minor) at 16:15
Brent Burns (CAR) for Roughing (Minor) at 18:32
3rd period
4. Florida Panthers , Dougie Hamilton 2 (Aleksander Barkov 13) at 1:18 (PP)
5. Florida Panthers , Aleksander Barkov 5 (Dougie Hamilton 5, Evan Rodrigues 2) at 10:51
Jordan Martinook (CAR) for Holding (Minor) at 1:16
Dougie Hamilton (FLA) for Roughing (Minor) at 4:49
David Krejci (CAR) for Goalie Interference (Minor) at 14:23
Sebastian C Aho (CAR) for Slashing (Minor) at 19:59
Goalie Stats
Pyotr Kochetkov (CAR), 30 saves from 32 shots - (0.938), W, 2-3-0, 60:00 minutes
Marc-Andre Fleury (FLA), 30 saves from 33 shots - (0.909), L, 5-3-1, 59:10 minutes
3 StarsOfficial
1 - Aleksander Barkov (FLA)
2 - Dougie Hamilton (FLA)
3 - Jordan Staal (CAR)
Referees : Conor O'Donnell and Graham Skilliter
Linesman : Ken Bonham and Jesse Marquis
Game Note
No Game Note
Finance
Level 1 -- Attendance: 5904 (98.40%) -- Ticket Income $590,400
Level 2 -- Attendance: 4370 (87.40%) -- Ticket Income $262,200
Level 3 -- Attendance: 1868 (93.40%) -- Ticket Income $65,380
Level 4 -- Attendance: 3425 (85.63%) -- Ticket Income $85,625
Luxury Box -- Attendance: 864 (86.40%) -- Ticket Income $172,800
Game was played at the FLA Live Arena.
Total Attendance: 16431 (91.28%)
Total Ticket Income: $1,176,405
Other Income: $576,438
Total Income: $1,752,843



Team Name Goals Shots Shots Attemp Shots Blocked PIM HIT PP PK FO%
Carolina Hurricanes 33357158122 / 8 (25%)156%
Florida Panthers 232651416211 / 4 (25%)244%

Carolina Hurricanes
Player Name POS G A P +/- PIM HIT SHT SB MP PP MP PP SHT PK MP PK SHT FO% FOT GA TA
Alex TuchRW101-1007023:336:2442:5500% 001
Andrei SvechnikovLW101-1011218:205:0810:00050% 200
Brady SkjeiD000-1003120:024:4601:0000% 000
Brent BurnsD000-1221125:597:4311:3800% 000
Brett PesceD0111021020:064:4601:0000% 000
David KrejciC0000212119:264:4401:24048% 2101
Dmitry OrlovD0000000123:596:5603:0000% 001
Eeli TolvanenRW0000001010:451:2900:0000% 100
Jesperi KotkaniemiC000000109:140:0000:00075% 400
Jordan MartinookLW011121116:540:0000:1100% 000
Jordan StaalC101101207:430:5900:000100% 310
Kevin ShattenkirkD0001010215:200:0000:0000% 001
Martin NecasRW0110002017:514:4700:0000% 020
Sebastian C AhoC000-1205221:456:2410:53060% 2000
Seth JarvisLW0000001110:550:3200:5400% 001
Stefan NoesenRW000101309:421:1501:43050% 400
Teuvo TeravainenLW0110012219:495:4500:00050% 210
Will BorgenD0000010114:330:4701:2200% 001
Florida Panthers
Player Name POS G A P +/- PIM HIT SHT SB MP PP MP PP SHT PK MP PK SHT FO% FOT GA TA
Aaron EkbladD000-1041017:531:5800:5900% 000
Aleksander BarkovC1121025220:292:2002:48050% 2201
Brandon MontourD000-1412121:182:0203:0000% 020
Carter VerhaegheLW0001023117:182:2010:0000% 000
Dougie HamiltonD1121236018:241:5810:5000% 000
Eetu LuostarinenC0000200010:190:0005:49025% 802
Erik HaulaC000-1002114:091:4010:00057% 2100
Evan RodriguesC0111011016:142:2000:0000% 100
Gustav ForslingD0001401122:302:0205:0700% 001
Jacob Bernard-DockerD000000006:300:0003:2300% 000
Jason DickinsonC0000012215:130:0003:5200% 000
Josh MahuraD0000010115:050:0005:0600% 000
Matthew TkachukLW000-1215015:211:4000:0000% 220
Nick CousinsLW0000000012:340:0002:1800% 100
Niko MikkolaD0000210219:300:0006:3300% 000
Ryan LombergLW000001019:000:0003:5500% 000
Sam ReinhartRW000-1013218:221:4000:0000% 220
Steven LorentzLW0000021017:150:0006:1600% 000

Carolina Hurricanes

5 vs 5 Forward
Line #Left WingCenterRight WingPHYDFOFWanted %Time %Time Play
1Andrei SvechnikovSebastian C AhoAlex Tuch1223532%13:25
2Teuvo TeravainenDavid KrejciMartin Necas1133531%13:04
3Seth JarvisJesperi KotkaniemiEeli Tolvanen1222022%9:14
4Jordan MartinookJordan StaalStefan Noesen2301016%6:44
5 vs 5 Defense
Line #DefenseDefensePHYDFOFWanted %Time %Time Play
1Brent BurnsBrady Skjei1223537%15:55
2Brett PesceKevin Shattenkirk1403535%14:53
3Dmitry OrlovWill Borgen2303027%11:39
4Will BorgenBrent Burns12200%0:00
Power Play Forward
Line #Left WingCenterRight WingPHYDFOFWanted %Time %Time Play
1Teuvo TeravainenSebastian C AhoAlex Tuch1226058%7:13
2Andrei SvechnikovDavid KrejciMartin Necas1224042%5:16
Power Play Defense
Line #DefenseDefensePHYDFOFWanted %Time %Time Play
1Brent BurnsDmitry Orlov1226062%7:43
2Brady SkjeiBrett Pesce1224038%4:46
Penalty Kill 4 Players Forward
Line #CenterWingPHYDFOFWanted %Time %Time Play
1David KrejciAlex Tuch1226095%3:49
2Sebastian C AhoJordan Martinook122405%0:11
Penalty Kill 4 Players Defense
Line #DefenseDefensePHYDFOFWanted %Time %Time Play
1Brent BurnsDmitry Orlov1226075%3:00
2Brady SkjeiBrett Pesce1224025%1:00
Penalty Kill 3 Players
Line #WingPHYDFOFWanted %Time %Time PlayDefenseDefensePHYDFOFWanted %Time %Time Play
1David Krejci122600%0:00 Brent BurnsDmitry Orlov122600%0:00
2Sebastian C Aho122400%0:00 Brady SkjeiBrett Pesce122400%0:00
4 vs 4 Forward
Line #CenterWingPHYDFOFWanted %Time %Time Play
1David KrejciMartin Necas122600%0:00
2Sebastian C AhoAndrei Svechnikov122400%0:00
4 vs 4 Defense
Line #DefensePHYDFOFWanted %Time %Time Play
1Brent BurnsDmitry Orlov122600%0:00
2Brady SkjeiBrett Pesce122400%0:00
Last Minutes Offensive
Left WingCenterRight WingDefenseDefense
Teuvo TeravainenSebastian C AhoAlex TuchBrent BurnsDmitry Orlov
Last Minutes Defensive
Left WingCenterRight WingDefenseDefense
Teuvo TeravainenSebastian C AhoAlex TuchBrent BurnsDmitry Orlov
Time
Total ForwardTotal DefenseLast Minutes OffensiveLast Minutes Defensive
60:00 60:00 0:001:04
Extra Forwards
Normal PowerPlayPenalty Kill
Martin Necas, Seth Jarvis, Stefan NoesenEeli Tolvanen, Jordan StaalStefan Noesen
Extra Defensemen
Normal PowerPlayPenalty Kill
Will Borgen, Brett Pesce, Brent BurnsBrady Skjei, Will BorgenDmitry Orlov
Penalty Shots
Alex Tuch, Sebastian C Aho, Martin Necas, Andrei Svechnikov, Eeli Tolvanen
Goalie
Pyotr Kochetkov, Antti Raanta
Custom OT Lines Forwards
Alex Tuch, Sebastian C Aho, Stefan Noesen, Andrei Svechnikov, Martin Necas, Teuvo Teravainen, Jesperi Kotkaniemi, Seth Jarvis, Jordan Staal, Jordan Martinook
Custom OT Lines Defensemen
Brent Burns, Dmitry Orlov, Brady Skjei, Brett Pesce, Will Borgen
Scratches
Mason Lohrei (Healthy), Frederik Andersen (Healthy)

Florida Panthers

5 vs 5 Forward
Line #Left WingCenterRight WingPHYDFOFWanted %Time %Time Play
1Carter VerhaegheAleksander BarkovEvan Rodrigues0143534%14:37
2Matthew TkachukErik HaulaSam Reinhart0233331%13:03
3Nick CousinsJason DickinsonSteven Lorentz0322224%10:16
4Ryan LombergEetu LuostarinenSam Reinhart0411011%4:31
5 vs 5 Defense
Line #DefenseDefensePHYDFOFWanted %Time %Time Play
1Brandon MontourAaron Ekblad1223537%15:37
2Dougie HamiltonGustav Forsling1223535%14:49
3Josh MahuraNiko Mikkola1222021%9:04
4Jacob Bernard-DockerNiko Mikkola122107%2:57
Power Play Forward
Line #Left WingCenterRight WingPHYDFOFWanted %Time %Time Play
1Carter VerhaegheAleksander BarkovEvan Rodrigues0145058%2:20
2Matthew TkachukErik HaulaSam Reinhart0145042%1:40
Power Play Defense
Line #DefenseDefensePHYDFOFWanted %Time %Time Play
1Dougie HamiltonAaron Ekblad1135049%1:58
2Brandon MontourGustav Forsling1135051%2:02
Penalty Kill 4 Players Forward
Line #CenterWingPHYDFOFWanted %Time %Time Play
1Eetu LuostarinenSteven Lorentz1226069%8:38
2Jason DickinsonRyan Lomberg1224031%3:51
Penalty Kill 4 Players Defense
Line #DefenseDefensePHYDFOFWanted %Time %Time Play
1Gustav ForslingNiko Mikkola1226054%6:41
2Brandon MontourJosh Mahura1224046%5:48
Penalty Kill 3 Players
Line #WingPHYDFOFWanted %Time %Time PlayDefenseDefensePHYDFOFWanted %Time %Time Play
1Jason Dickinson032500%0:00 Dougie HamiltonJosh Mahura041500%0:00
2Eetu Luostarinen032500%0:00 Brandon MontourNiko Mikkola041500%0:00
4 vs 4 Forward
Line #CenterWingPHYDFOFWanted %Time %Time Play
1Sam ReinhartMatthew Tkachuk023500%0:00
2Eetu LuostarinenCarter Verhaeghe023500%0:00
4 vs 4 Defense
Line #DefensePHYDFOFWanted %Time %Time Play
1Brandon MontourGustav Forsling023500%0:00
2Dougie HamiltonAaron Ekblad023500%0:00
Last Minutes Offensive
Left WingCenterRight WingDefenseDefense
Matthew TkachukAleksander BarkovCarter VerhaegheDougie HamiltonBrandon Montour
Last Minutes Defensive
Left WingCenterRight WingDefenseDefense
Matthew TkachukAleksander BarkovEetu LuostarinenAaron EkbladGustav Forsling
Time
Total ForwardTotal DefenseLast Minutes OffensiveLast Minutes Defensive
60:00 60:00 1:040:00
Extra Forwards
Normal PowerPlayPenalty Kill
Aleksander Barkov, Matthew Tkachuk, Carter VerhaegheSam Reinhart, Aleksander BarkovEetu Luostarinen
Extra Defensemen
Normal PowerPlayPenalty Kill
Dougie Hamilton, Brandon Montour, Aaron EkbladDougie Hamilton, Gustav ForslingNiko Mikkola
Penalty Shots
Aleksander Barkov, Evan Rodrigues, Sam Reinhart, Matthew Tkachuk, Carter Verhaeghe
Goalie
Marc-Andre Fleury, Sergei Bobrovsky
Custom OT Lines Forwards
Aleksander Barkov, Matthew Tkachuk, Sam Reinhart, Carter Verhaeghe, Jason Dickinson, Erik Haula, Eetu Luostarinen, Ryan Lomberg, Evan Rodrigues, Steven Lorentz
Custom OT Lines Defensemen
Dougie Hamilton, Aaron Ekblad, Brandon Montour, Gustav Forsling, Niko Mikkola
Scratches
Anthony Stolarz (Healthy)


Play-by-Play

1st period


0:01 of 1st period - Sebastian C Aho wins face-off versus Aleksander Barkov in neutral zone.
0:33 of 1st period - Brandon Montour is hit by Kevin Shattenkirk and loses puck.
0:50 of 1st period - Slapshot by Brandon Montour.
0:50 of 1st period - Shot Misses the Net.
1:31 of 1st period - Snap shot by Andrei Svechnikov.
1:31 of 1st period - Shot Blocked by Niko Mikkola.
1:51 of 1st period - Sebastian C Aho is hit by Steven Lorentz.
3:46 of 1st period - Backhand shot by Jason Dickinson.
3:46 of 1st period - Shot Blocked by Brady Skjei.
3:48 of 1st period - Slapshot by Josh Mahura.
3:48 of 1st period - Shot Blocked by Andrei Svechnikov.
3:50 of 1st period - Wrist shot by Jason Dickinson.
3:50 of 1st period - Stopped by Pyotr Kochetkov without a rebound.
3:51 of 1st period - Erik Haula wins face-off versus David Krejci in Carolina Hurricanes zone.
3:54 of 1st period - Snap shot by Matthew Tkachuk.
3:54 of 1st period - Stopped by Pyotr Kochetkov without a rebound.
3:55 of 1st period - Erik Haula wins face-off versus David Krejci in Carolina Hurricanes zone.
4:10 of 1st period - Snap shot by David Krejci.
4:10 of 1st period - Stopped by Marc-Andre Fleury without a rebound.
4:11 of 1st period - Aleksander Barkov wins face-off versus Eeli Tolvanen in Florida Panthers zone.
4:35 of 1st period - Icing by Eeli Tolvanen.
4:36 of 1st period - Erik Haula wins face-off versus David Krejci in Carolina Hurricanes zone.
4:49 of 1st period - Snap shot by Martin Necas.
4:49 of 1st period - Shot Blocked by Sam Reinhart.
4:51 of 1st period - Wrist shot by Martin Necas.
4:51 of 1st period - Stopped by Marc-Andre Fleury with a rebound.
4:53 of 1st period - Backhand shot by Brett Pesce.
4:53 of 1st period - Shot Misses the Net.
5:03 of 1st period - Eeli Tolvanen is hit by Aaron Ekblad and loses puck.
5:16 of 1st period - Snap shot by Aleksander Barkov.
5:16 of 1st period - Stopped by Pyotr Kochetkov with a rebound.
6:30 of 1st period - Brett Pesce is hit by Jason Dickinson and loses puck.
7:15 of 1st period - Wrist shot by Stefan Noesen.
7:15 of 1st period - Shot Misses the Net.
7:25 of 1st period - Wrist shot by Sebastian C Aho.
7:25 of 1st period - Stopped by Marc-Andre Fleury without a rebound.
7:26 of 1st period - Erik Haula wins face-off versus Sebastian C Aho in Florida Panthers zone.
8:15 of 1st period - Wrist shot by Nick Cousins.
8:15 of 1st period - Shot Blocked by Teuvo Teravainen.
8:27 of 1st period - Snap shot by Seth Jarvis.
8:27 of 1st period - Shot Blocked by Erik Haula.
8:29 of 1st period - Snap shot by Jesperi Kotkaniemi.
8:29 of 1st period - Shot Misses the Net.
8:49 of 1st period - Snap shot by Jordan Martinook.
8:49 of 1st period - Stopped by Marc-Andre Fleury with a rebound.
8:55 of 1st period - Slapshot by Brandon Montour.
8:55 of 1st period - Shot Misses the Net.
9:06 of 1st period - Icing by Teuvo Teravainen.
9:07 of 1st period - David Krejci wins face-off versus Nick Cousins in Carolina Hurricanes zone.
9:14 of 1st period - Snap shot by Martin Necas.
9:14 of 1st period - Shot Blocked by Jason Dickinson.
10:07 of 1st period - Minor Penalty to Niko Mikkola for Hooking.
10:08 of 1st period - Teuvo Teravainen wins face-off versus Eetu Luostarinen in Florida Panthers zone.
10:08 of 1st period - Snap shot by Alex Tuch.
10:08 of 1st period - Goal by Alex Tuch - Carolina Hurricanes : 1 - Florida Panthers : 0.
10:09 of 1st period - David Krejci wins face-off versus Matthew Tkachuk in neutral zone.
10:55 of 1st period - Snap shot by Matthew Tkachuk.
10:55 of 1st period - Stopped by Pyotr Kochetkov without a rebound.
10:56 of 1st period - Aleksander Barkov wins face-off versus Sebastian C Aho in Carolina Hurricanes zone.
10:57 of 1st period - Slapshot by Carter Verhaeghe.
10:57 of 1st period - Shot Misses the Net.
11:29 of 1st period - Seth Jarvis is hit by Josh Mahura and loses puck.
11:55 of 1st period - Slapshot by Stefan Noesen.
11:55 of 1st period - Stopped by Marc-Andre Fleury without a rebound.
11:56 of 1st period - David Krejci wins face-off versus Sam Reinhart in Florida Panthers zone.
12:23 of 1st period - Andrei Svechnikov is hit by Carter Verhaeghe and loses puck.
12:46 of 1st period - Snap shot by Matthew Tkachuk.
12:46 of 1st period - Shot Misses the Net.
12:52 of 1st period - Aaron Ekblad is hit by Brent Burns and loses puck.
12:59 of 1st period - Backhand shot by Alex Tuch.
12:59 of 1st period - Stopped by Marc-Andre Fleury without a rebound.
13:00 of 1st period - David Krejci wins face-off versus Aleksander Barkov in Florida Panthers zone.
13:01 of 1st period - Snap shot by Martin Necas.
13:01 of 1st period - Shot Blocked by Aleksander Barkov.
13:31 of 1st period - Snap shot by Seth Jarvis.
13:31 of 1st period - Stopped by Marc-Andre Fleury with a rebound.
14:33 of 1st period - Slapshot by Dougie Hamilton.
14:33 of 1st period - Stopped by Pyotr Kochetkov with a rebound.
14:35 of 1st period - Snap shot by Steven Lorentz.
14:35 of 1st period - Stopped by Pyotr Kochetkov with a rebound.
15:03 of 1st period - Snap shot by Eeli Tolvanen.
15:03 of 1st period - Stopped by Marc-Andre Fleury with a rebound.
15:05 of 1st period - Minor Penalty to Brandon Montour for Cross-checking.
15:06 of 1st period - Sebastian C Aho wins face-off versus Eetu Luostarinen in Florida Panthers zone.
15:07 of 1st period - Slapshot by Alex Tuch.
15:07 of 1st period - Stopped by Marc-Andre Fleury with a rebound.
16:38 of 1st period - Teuvo Teravainen is hit by Steven Lorentz and loses puck.
17:05 of 1st period - Penalty to Brandon Montour is over, Brandon Montour is back on ice.
17:19 of 1st period - Matthew Tkachuk is hit by Jordan Staal and loses puck.
17:32 of 1st period - Sam Reinhart is hit by Brett Pesce and loses puck.
17:46 of 1st period - Wrist shot by Brett Pesce.
17:46 of 1st period - Stopped by Marc-Andre Fleury with a rebound.
17:48 of 1st period - Wrist shot by Jordan Staal.
17:48 of 1st period - Goal by Jordan Staal - Carolina Hurricanes : 2 - Florida Panthers : 0.
17:49 of 1st period - Aleksander Barkov wins face-off versus David Krejci in neutral zone.
19:28 of 1st period - Dmitry Orlov is hit by Ryan Lomberg and loses puck.
19:51 of 1st period - Seth Jarvis is hit by Sam Reinhart and loses puck.
Goals for this period are 2 for Carolina Hurricanes vs 0 for Florida Panthers.
Shots for this period are 12 for Carolina Hurricanes vs 6 for Florida Panthers.

2nd period


0:01 of 2nd period - Aleksander Barkov wins face-off versus David Krejci in neutral zone.
0:11 of 2nd period - Wrist shot by Martin Necas.
0:11 of 2nd period - Stopped by Marc-Andre Fleury with a rebound.
0:13 of 2nd period - Slapshot by Brady Skjei.
0:13 of 2nd period - Deflect By Teuvo Teravainen.
0:13 of 2nd period - Shot Blocked by Carter Verhaeghe.
0:13 of 2nd period - Puck is out of play.
0:14 of 2nd period - David Krejci wins face-off versus Aleksander Barkov in Florida Panthers zone.
0:47 of 2nd period - Off-side.
0:48 of 2nd period - Sebastian C Aho wins face-off versus Erik Haula in neutral zone.
0:48 of 2nd period - Sebastian C Aho is hit by Dougie Hamilton.
1:17 of 2nd period - Wrist shot by David Krejci.
1:17 of 2nd period - Shot Blocked by Aleksander Barkov.
1:31 of 2nd period - Teuvo Teravainen is hit by Aleksander Barkov and loses puck.
1:42 of 2nd period - Wrist shot by Carter Verhaeghe.
1:42 of 2nd period - Shot Misses the Net.
2:00 of 2nd period - Wrist shot by Teuvo Teravainen.
2:00 of 2nd period - Stopped by Marc-Andre Fleury with a rebound.
2:21 of 2nd period - Double Minor Penalty to Gustav Forsling for High sticking.
2:22 of 2nd period - Sebastian C Aho wins face-off versus Eetu Luostarinen in Florida Panthers zone.
3:20 of 2nd period - Snap shot by Brent Burns.
3:20 of 2nd period - Shot Blocked by Jason Dickinson.
3:24 of 2nd period - Snap shot by Andrei Svechnikov.
3:24 of 2nd period - Shot Blocked by Ryan Lomberg.
3:26 of 2nd period - Slapshot by Brent Burns.
3:26 of 2nd period - Shot Blocked by Niko Mikkola.
4:45 of 2nd period - Steven Lorentz is hit by Stefan Noesen and loses puck.
6:21 of 2nd period - Penalty to Gustav Forsling is over, Gustav Forsling is back on ice.
6:28 of 2nd period - Jason Dickinson is hit by Brent Burns and loses puck.
7:05 of 2nd period - Teuvo Teravainen is hit by Dougie Hamilton.
7:12 of 2nd period - Icing by Erik Haula.
7:13 of 2nd period - Erik Haula wins face-off versus Sebastian C Aho in Florida Panthers zone.
7:22 of 2nd period - Wrist shot by Brandon Montour.
7:22 of 2nd period - Deflect By Carter Verhaeghe.
7:22 of 2nd period - Shot Misses the Net.
7:22 of 2nd period - Puck is out of play.
7:23 of 2nd period - David Krejci wins face-off versus Aleksander Barkov in Carolina Hurricanes zone.
7:36 of 2nd period - Wrist shot by Teuvo Teravainen.
7:36 of 2nd period - Shot Misses the Net.
7:38 of 2nd period - Snap shot by David Krejci.
7:38 of 2nd period - Deflect By Carter Verhaeghe.
7:38 of 2nd period - Shot Misses the Net.
7:38 of 2nd period - Puck is out of play.
7:39 of 2nd period - Erik Haula wins face-off versus Sebastian C Aho in Florida Panthers zone.
7:48 of 2nd period - Wrist shot by Sebastian C Aho.
7:48 of 2nd period - Stopped by Marc-Andre Fleury with a rebound.
8:16 of 2nd period - Snap shot by Alex Tuch.
8:16 of 2nd period - Stopped by Marc-Andre Fleury with a rebound.
8:18 of 2nd period - Slapshot by Alex Tuch.
8:18 of 2nd period - Stopped by Marc-Andre Fleury without a rebound.
8:19 of 2nd period - Erik Haula wins face-off versus David Krejci in Florida Panthers zone.
8:21 of 2nd period - Minor Penalty to Matthew Tkachuk for Tripping.
8:22 of 2nd period - Eetu Luostarinen wins face-off versus Teuvo Teravainen in Florida Panthers zone.
8:34 of 2nd period - Backhand shot by Sebastian C Aho.
8:34 of 2nd period - Stopped by Marc-Andre Fleury without a rebound.
8:35 of 2nd period - Sebastian C Aho wins face-off versus Eetu Luostarinen in Florida Panthers zone.
10:21 of 2nd period - Penalty to Matthew Tkachuk is over, Matthew Tkachuk is back on ice.
10:42 of 2nd period - Eeli Tolvanen is hit by Brandon Montour and loses puck.
10:55 of 2nd period - Slapshot by Dougie Hamilton.
10:55 of 2nd period - Shot Misses the Net.
10:57 of 2nd period - Snap shot by Aleksander Barkov.
10:57 of 2nd period - Stopped by Pyotr Kochetkov with a rebound.
10:59 of 2nd period - Wrist shot by Evan Rodrigues.
10:59 of 2nd period - Shot Blocked by Jordan Martinook.
11:01 of 2nd period - Slapshot by Gustav Forsling.
11:01 of 2nd period - Stopped by Pyotr Kochetkov without a rebound.
11:02 of 2nd period - Jordan Staal wins face-off versus Aleksander Barkov in Carolina Hurricanes zone.
11:07 of 2nd period - Wrist shot by Brady Skjei.
11:07 of 2nd period - Stopped by Marc-Andre Fleury with a rebound.
11:09 of 2nd period - Snap shot by Jordan Staal.
11:09 of 2nd period - Stopped by Marc-Andre Fleury with a rebound.
11:11 of 2nd period - Wrist shot by Jordan Martinook.
11:11 of 2nd period - Deflect By Stefan Noesen.
11:11 of 2nd period - Shot Misses the Net.
11:11 of 2nd period - Puck is out of play.
11:12 of 2nd period - Jordan Staal wins face-off versus Aleksander Barkov in Florida Panthers zone.
11:29 of 2nd period - Wrist shot by Stefan Noesen.
11:29 of 2nd period - Stopped by Marc-Andre Fleury with a rebound.
11:31 of 2nd period - Wrist shot by Brady Skjei.
11:31 of 2nd period - Deflect By Aleksander Barkov.
11:31 of 2nd period - Stopped by Marc-Andre Fleury without a rebound.
11:32 of 2nd period - David Krejci wins face-off versus Erik Haula in Florida Panthers zone.
12:00 of 2nd period - Minor Penalty to Brandon Montour for Slashing.
12:01 of 2nd period - Sebastian C Aho wins face-off versus Eetu Luostarinen in Florida Panthers zone.
12:04 of 2nd period - Snap shot by Alex Tuch.
12:04 of 2nd period - Stopped by Marc-Andre Fleury with a rebound.
12:08 of 2nd period - Wrist shot by Sebastian C Aho.
12:08 of 2nd period - Shot Misses the Net.
12:10 of 2nd period - Slapshot by Brent Burns.
12:10 of 2nd period - Stopped by Marc-Andre Fleury with a rebound.
12:12 of 2nd period - Slapshot by Alex Tuch.
12:12 of 2nd period - Stopped by Marc-Andre Fleury with a rebound.
14:00 of 2nd period - Penalty to Brandon Montour is over, Brandon Montour is back on ice.
14:09 of 2nd period - Snap shot by Stefan Noesen.
14:09 of 2nd period - Stopped by Marc-Andre Fleury without a rebound.
14:10 of 2nd period - Jordan Staal wins face-off versus Erik Haula in Florida Panthers zone.
14:21 of 2nd period - Wrist shot by Stefan Noesen.
14:21 of 2nd period - Deflect By Jordan Staal.
14:21 of 2nd period - Shot Misses the Net.
14:21 of 2nd period - Puck is out of play.
14:22 of 2nd period - Jesperi Kotkaniemi wins face-off versus Erik Haula in Florida Panthers zone.
14:23 of 2nd period - Slapshot by Seth Jarvis.
14:23 of 2nd period - Deflect By Jesperi Kotkaniemi.
14:23 of 2nd period - Stopped by Marc-Andre Fleury without a rebound.
14:24 of 2nd period - Jesperi Kotkaniemi wins face-off versus Erik Haula in Florida Panthers zone.
14:27 of 2nd period - Snap shot by Eeli Tolvanen.
14:27 of 2nd period - Shot Blocked by Sam Reinhart.
14:39 of 2nd period - Snap shot by Sam Reinhart.
14:39 of 2nd period - Shot Blocked by Seth Jarvis.
14:41 of 2nd period - Slapshot by Aaron Ekblad.
14:41 of 2nd period - Stopped by Pyotr Kochetkov without a rebound.
14:42 of 2nd period - Aleksander Barkov wins face-off versus Andrei Svechnikov in Carolina Hurricanes zone.
14:49 of 2nd period - Wrist shot by Carter Verhaeghe.
14:49 of 2nd period - Shot Misses the Net.
14:51 of 2nd period - Backhand shot by Evan Rodrigues.
14:51 of 2nd period - Shot Blocked by Sebastian C Aho.
14:53 of 2nd period - Slapshot by Aaron Ekblad.
14:53 of 2nd period - Shot Misses the Net.
14:55 of 2nd period - Snap shot by Brandon Montour.
14:55 of 2nd period - Shot Misses the Net.
16:00 of 2nd period - Snap shot by Aleksander Barkov.
16:00 of 2nd period - Stopped by Pyotr Kochetkov with a rebound.
16:04 of 2nd period - Slapshot by Carter Verhaeghe.
16:04 of 2nd period - Shot Blocked by Will Borgen.
16:15 of 2nd period - Minor Penalty to Eetu Luostarinen for Delaying the game.
16:16 of 2nd period - Aleksander Barkov wins face-off versus Sebastian C Aho in Florida Panthers zone.
16:31 of 2nd period - Gustav Forsling is hit by Teuvo Teravainen and loses puck.
16:48 of 2nd period - Snap shot by Andrei Svechnikov.
16:48 of 2nd period - Goal by Andrei Svechnikov - Carolina Hurricanes : 3 - Florida Panthers : 0.
16:49 of 2nd period - Erik Haula wins face-off versus David Krejci in neutral zone.
16:52 of 2nd period - Snap shot by Sam Reinhart.
16:52 of 2nd period - Shot Blocked by Kevin Shattenkirk.
16:54 of 2nd period - Wrist shot by Sam Reinhart.
16:54 of 2nd period - Stopped by Pyotr Kochetkov with a rebound.
16:56 of 2nd period - Snap shot by Erik Haula.
16:56 of 2nd period - Shot Misses the Net.
17:00 of 2nd period - Snap shot by Sam Reinhart.
17:00 of 2nd period - Deflect By Brett Pesce.
17:00 of 2nd period - Stopped by Pyotr Kochetkov with a rebound.
17:16 of 2nd period - Sebastian C Aho is hit by Aleksander Barkov and loses puck.
17:23 of 2nd period - Snap shot by Aleksander Barkov.
17:23 of 2nd period - Shot Misses the Net.
17:27 of 2nd period - Snap shot by Carter Verhaeghe.
17:27 of 2nd period - Shot Blocked by Sebastian C Aho.
18:00 of 2nd period - Wrist shot by Brent Burns.
18:00 of 2nd period - Shot Misses the Net.
18:32 of 2nd period - Minor Penalty to Brent Burns for Roughing.
18:33 of 2nd period - David Krejci wins face-off versus Aleksander Barkov in Carolina Hurricanes zone.
Goals for this period are 1 for Carolina Hurricanes vs 0 for Florida Panthers.
Shots for this period are 16 for Carolina Hurricanes vs 6 for Florida Panthers.

3rd period


0:01 of 3rd period - Erik Haula wins face-off versus David Krejci in neutral zone.
0:32 of 3rd period - Penalty to Brent Burns is over, Brent Burns is back on ice.
1:16 of 3rd period - Minor Penalty to Jordan Martinook for Holding.
1:17 of 3rd period - Aleksander Barkov wins face-off versus David Krejci in Carolina Hurricanes zone.
1:18 of 3rd period - Snap shot by Dougie Hamilton.
1:18 of 3rd period - Goal by Dougie Hamilton - Carolina Hurricanes : 3 - Florida Panthers : 1.
1:19 of 3rd period - Andrei Svechnikov wins face-off versus Sam Reinhart in neutral zone.
1:19 of 3rd period - Andrei Svechnikov is hit by Aaron Ekblad.
2:31 of 3rd period - Wrist shot by Dougie Hamilton.
2:31 of 3rd period - Shot Blocked by Andrei Svechnikov.
2:33 of 3rd period - Wrist shot by Matthew Tkachuk.
2:33 of 3rd period - Stopped by Pyotr Kochetkov with a rebound.
2:35 of 3rd period - Slapshot by Gustav Forsling.
2:35 of 3rd period - Deflect By Matthew Tkachuk.
2:35 of 3rd period - Shot Hit the Post.
2:35 of 3rd period - Puck is out of play.
2:36 of 3rd period - Erik Haula wins face-off versus Sebastian C Aho in Carolina Hurricanes zone.
2:39 of 3rd period - Snap shot by Matthew Tkachuk.
2:39 of 3rd period - Shot Misses the Net.
3:41 of 3rd period - Icing by Kevin Shattenkirk.
3:42 of 3rd period - Erik Haula wins face-off versus Jesperi Kotkaniemi in Carolina Hurricanes zone.
3:45 of 3rd period - Slapshot by Sam Reinhart.
3:45 of 3rd period - Stopped by Pyotr Kochetkov with a rebound.
3:47 of 3rd period - Wrist shot by Brandon Montour.
3:47 of 3rd period - Shot Blocked by Kevin Shattenkirk.
3:49 of 3rd period - Snap shot by Brandon Montour.
3:49 of 3rd period - Stopped by Pyotr Kochetkov with a rebound.
4:09 of 3rd period - Brett Pesce is hit by Carter Verhaeghe and loses puck.
4:49 of 3rd period - Minor Penalty to Dougie Hamilton for Roughing.
4:50 of 3rd period - Eetu Luostarinen wins face-off versus Sebastian C Aho in Florida Panthers zone.
6:49 of 3rd period - Penalty to Dougie Hamilton is over, Dougie Hamilton is back on ice.
7:11 of 3rd period - Wrist shot by Stefan Noesen.
7:11 of 3rd period - Shot Blocked by Gustav Forsling.
7:28 of 3rd period - Erik Haula is hit by Will Borgen and loses puck.
8:02 of 3rd period - Icing by Brady Skjei.
8:03 of 3rd period - Erik Haula wins face-off versus David Krejci in Carolina Hurricanes zone.
8:09 of 3rd period - Snap shot by Matthew Tkachuk.
8:09 of 3rd period - Shot Blocked by David Krejci.
8:11 of 3rd period - Wrist shot by Erik Haula.
8:11 of 3rd period - Shot Blocked by Teuvo Teravainen.
8:13 of 3rd period - Snap shot by Erik Haula.
8:13 of 3rd period - Stopped by Pyotr Kochetkov with a rebound.
8:15 of 3rd period - Slapshot by Brandon Montour.
8:15 of 3rd period - Stopped by Pyotr Kochetkov without a rebound.
8:16 of 3rd period - Sebastian C Aho wins face-off versus Aleksander Barkov in Carolina Hurricanes zone.
8:16 of 3rd period - Sebastian C Aho is hit by Aaron Ekblad.
8:24 of 3rd period - Wrist shot by Andrei Svechnikov.
8:24 of 3rd period - Shot Blocked by Brandon Montour.
9:08 of 3rd period - Sam Reinhart is hit by Andrei Svechnikov and loses puck.
9:26 of 3rd period - Wrist shot by David Krejci.
9:26 of 3rd period - Stopped by Marc-Andre Fleury without a rebound.
9:27 of 3rd period - Aleksander Barkov wins face-off versus David Krejci in Florida Panthers zone.
9:36 of 3rd period - Snap shot by Teuvo Teravainen.
9:36 of 3rd period - Stopped by Marc-Andre Fleury without a rebound.
9:37 of 3rd period - David Krejci wins face-off versus Evan Rodrigues in Florida Panthers zone.
9:50 of 3rd period - Backhand shot by Carter Verhaeghe.
9:50 of 3rd period - Deflect By Aleksander Barkov.
9:50 of 3rd period - Stopped by Pyotr Kochetkov with a rebound.
9:52 of 3rd period - Snap shot by Carter Verhaeghe.
9:52 of 3rd period - Shot Blocked by Brent Burns.
9:54 of 3rd period - Snap shot by Carter Verhaeghe.
9:54 of 3rd period - Stopped by Pyotr Kochetkov with a rebound.
10:04 of 3rd period - Eeli Tolvanen is hit by Matthew Tkachuk and loses puck.
10:34 of 3rd period - Brent Burns is hit by Dougie Hamilton and loses puck.
10:43 of 3rd period - Snap shot by Carter Verhaeghe.
10:43 of 3rd period - Shot Misses the Net.
10:45 of 3rd period - Wrist shot by Dougie Hamilton.
10:45 of 3rd period - Stopped by Pyotr Kochetkov with a rebound.
10:47 of 3rd period - Snap shot by Evan Rodrigues.
10:47 of 3rd period - Stopped by Pyotr Kochetkov with a rebound.
10:49 of 3rd period - Slapshot by Dougie Hamilton.
10:49 of 3rd period - Deflect By Brent Burns.
10:49 of 3rd period - Stopped by Pyotr Kochetkov with a rebound.
10:51 of 3rd period - Snap shot by Aleksander Barkov.
10:51 of 3rd period - Goal by Aleksander Barkov - Carolina Hurricanes : 3 - Florida Panthers : 2.
10:52 of 3rd period - David Krejci wins face-off versus Erik Haula in neutral zone.
11:26 of 3rd period - Slapshot by Dougie Hamilton.
11:26 of 3rd period - Stopped by Pyotr Kochetkov with a rebound.
11:28 of 3rd period - Wrist shot by Gustav Forsling.
11:28 of 3rd period - Shot Blocked by Dmitry Orlov.
11:30 of 3rd period - Slapshot by Dougie Hamilton.
11:30 of 3rd period - Shot Misses the Net.
11:46 of 3rd period - Backhand shot by Sebastian C Aho.
11:46 of 3rd period - Stopped by Marc-Andre Fleury without a rebound.
11:47 of 3rd period - Jesperi Kotkaniemi wins face-off versus Erik Haula in Florida Panthers zone.
12:14 of 3rd period - Carter Verhaeghe is hit by David Krejci and loses puck.
12:45 of 3rd period - Slapshot by Dougie Hamilton.
12:45 of 3rd period - Stopped by Pyotr Kochetkov with a rebound.
12:52 of 3rd period - Icing by Brent Burns.
12:53 of 3rd period - Sebastian C Aho wins face-off versus Eetu Luostarinen in Carolina Hurricanes zone.
13:26 of 3rd period - Wrist shot by Eeli Tolvanen.
13:26 of 3rd period - Shot Blocked by Josh Mahura.
13:55 of 3rd period - Kevin Shattenkirk is hit by Niko Mikkola and loses puck.
14:23 of 3rd period - Minor Penalty to David Krejci for Goalie Interference.
14:24 of 3rd period - Aleksander Barkov wins face-off versus Stefan Noesen in Carolina Hurricanes zone.
14:37 of 3rd period - Icing by Evan Rodrigues.
14:38 of 3rd period - Aleksander Barkov wins face-off versus Stefan Noesen in Florida Panthers zone.
15:23 of 3rd period - Snap shot by Carter Verhaeghe.
15:23 of 3rd period - Stopped by Pyotr Kochetkov without a rebound.
15:24 of 3rd period - Stefan Noesen wins face-off versus Erik Haula in Carolina Hurricanes zone.
15:35 of 3rd period - Snap shot by Sam Reinhart.
15:35 of 3rd period - Deflect By Erik Haula.
15:35 of 3rd period - Stopped by Pyotr Kochetkov without a rebound.
15:36 of 3rd period - Stefan Noesen wins face-off versus Erik Haula in Carolina Hurricanes zone.
16:15 of 3rd period - Off-side.
16:16 of 3rd period - Sebastian C Aho wins face-off versus Aleksander Barkov in neutral zone.
16:23 of 3rd period - Penalty to David Krejci is over, David Krejci is back on ice.
16:53 of 3rd period - Slapshot by Jason Dickinson.
16:53 of 3rd period - Stopped by Pyotr Kochetkov with a rebound.
17:23 of 3rd period - Alex Tuch is hit by Evan Rodrigues and loses puck.
17:44 of 3rd period - Matthew Tkachuk is hit by Brett Pesce and loses puck.
17:53 of 3rd period - Brett Pesce is hit by Aaron Ekblad and loses puck.
18:20 of 3rd period - Steven Lorentz is hit by Jordan Martinook and loses puck.
18:53 of 3rd period - Snap shot by Sebastian C Aho.
18:53 of 3rd period - Stopped by Marc-Andre Fleury with a rebound.
18:55 of 3rd period - Snap shot by Brady Skjei.
18:55 of 3rd period - Stopped by Marc-Andre Fleury without a rebound.
18:56 of 3rd period - Jani Maka call a timeout for Florida Panthers.
18:56 of 3rd period - Aleksander Barkov wins face-off versus Sebastian C Aho in Florida Panthers zone.
19:00 of 3rd period - Icing by Brandon Montour.
19:01 of 3rd period - Sebastian C Aho wins face-off versus Matthew Tkachuk in Florida Panthers zone.
19:10 of 3rd period - Florida Panthers, Marc-Andre Fleury is pulled from the net.
19:12 of 3rd period - Slapshot by Matthew Tkachuk.
19:12 of 3rd period - Shot Misses the Net.
19:14 of 3rd period - Snap shot by Dougie Hamilton.
19:14 of 3rd period - Shot Misses the Net.
19:16 of 3rd period - Snap shot by Carter Verhaeghe.
19:16 of 3rd period - Stopped by Pyotr Kochetkov without a rebound.
19:17 of 3rd period - Sebastian C Aho wins face-off versus Aleksander Barkov in Carolina Hurricanes zone.
19:28 of 3rd period - Wrist shot by Sebastian C Aho.
19:28 of 3rd period - Shot Misses the Net.
19:44 of 3rd period - Snap shot by Matthew Tkachuk.
19:44 of 3rd period - Stopped by Pyotr Kochetkov with a rebound.
19:56 of 3rd period - Snap shot by Matthew Tkachuk.
19:56 of 3rd period - Stopped by Pyotr Kochetkov without a rebound.
19:57 of 3rd period - Sebastian C Aho wins face-off versus Aleksander Barkov in Carolina Hurricanes zone.
19:59 of 3rd period - Minor Penalty to Sebastian C Aho for Slashing.
Goals for this period are 0 for Carolina Hurricanes vs 2 for Florida Panthers.
Shots for this period are 5 for Carolina Hurricanes vs 20 for Florida Panthers.
Goals for this period are 0 for Carolina Hurricanes vs 2 for Florida Panthers.
Shots for this period are 5 for Carolina Hurricanes vs 20 for Florida Panthers.